[Event "Early-Titled-Tuesday-Blitz-September-05-2023"]
[Site "Chess.com"]
[Date "2023.09.05"]
[Round "2"]
[White "HanSchut"]
[Black "LeoLV10"]
[Result "1/2-1/2"]
[WhiteElo "2254"]
[BlackElo "2473"]
[TimeControl "180+1"]
[EndTime "8:17:43 PDT"]
[Termination "Game drawn by repetition"]

1. e4 c6 2. d4 d5 3. exd5 cxd5 4. c4 Nc6 5. Nc3 Nf6 6. Nf3 Be6 7. c5 g6 8. Bb5 Bg7 9. Ne5 Bd7 10. Nxd7 Qxd7 11. O-O O-O 12. Re1 Rfe8 13. Bf4 a6 14. Bxc6 Qxc6 15.
Be5 Nd7 16. Bxg7 Kxg7 17. Qf3 Nf6 18. b4 Rad8 19. a4 Qc7 20. Qg3 Qd7 21. b5 Qf5 22.
Rac1 Ra8 23. Qc7 axb5 24. axb5 Qg4 25. Qe5 Ra3 26. Nxd5 Rd8 27. Ne3 Qd7 28. Red1 Qxb5 29. Qxe7 Re8 30. Qd6 Rd3 31. Qb6 Rxd1+ 32. Rxd1 Qe2 33.
Rf1 Qd2 34. Qxb7 Qxd4 35. c6 Rxe3 36. fxe3 Qxe3+ 37. Kh1 Ng4 38. h3 Nf2+ 39. Rxf2 Qe1+ 40. Kh2 Qxf2 41. c7 Qf4+ 42. Kh1 Qf1+ 43. Kh2 Qf4+ 44. Kg1 Qc1+ 45. Kf2 Qd2+ 46. Kf1 Qd1+ 47. Kf2 Qd2+ 48. Kf1 Qd1+ 49. Kf2 Qd2+ 1/2-1/2

[Event "Early-Titled-Tuesday-Blitz-September-05-2023"]
[Site "Chess.com"]
[Date "2023.09.05"]
[Round "2"]
[White "vladislavkovalev"]
[Black "thedjoker98"]
[Result "1-0"]
[WhiteElo "2919"]
[BlackElo "2606"]
[TimeControl "180+1"]
[EndTime "8:17:44 PDT"]
[Termination "vladislavkovalev won by resignation"]

1. e4 e5 2. Nf3 Nc6 3. Bb5 a6 4. Ba4 Nf6 5. O-O Be7 6. d3 b5 7.
Bb3 O-O 8. Nc3 d6 9. a3 Be6 10. Nd5 Na5 11. Nxf6+ Bxf6 12. Bxe6 fxe6 13. b4 Nc6 14. c3 Qd7 15. a4 d5 16. Be3 Rfd8 17.
Qb3 Kh8 18. Ra2 dxe4 19. dxe4 Qd3 20. axb5 axb5 21. Rxa8 Rxa8 22. Qxe6 Ne7 23. Nxe5 Bxe5 24. Qxe5 Ng6 25. Qd4 Qc2 26. g3 Re8 27. Rd1 h5 28. Qd3 Qxd3 29. Rxd3 Rxe4 30. f3 Rc4 31. Rd8+ Kh7 32. Bd4 Ne7 33. Rd7 Nf5 34. Be5 c5 35.
Rc7 cxb4 36. Rxc4 bxc4 37. cxb4 Ne3 38. b5 Nd5 39. Kf2 Kg8 40. Bd4 c3 41. Ke2 Kf7 42. Kd3 g5 43. Bxc3 g4 44. f4 Ke6 45. Bd4 h4 46. b6 Kd7 47. f5 hxg3 48. hxg3 Kc6 49. Ke4 Ne7 50. f6 Ng6 51. Kf5 Nf8 52. Kxg4 Kd5 53.
Bb2 Nd7 54. Kf5 1-0

[Event "Early-Titled-Tuesday-Blitz-September-05-2023"]
[Site "Chess.com"]
[Date "2023.09.05"]
[Round "2"]
[White "jsdbv18"]
[Black "Irina_Mikhaylova"]
[Result "1/2-1/2"]
[WhiteElo "2584"]
[BlackElo "2313"]
[TimeControl "180+1"]
[EndTime "8:17:44 PDT"]
[Termination "Game drawn by repetition"]

1. d4 Nf6 2. c4 g6 3. Nf3 Bg7 4.
Bf4 O-O 5. e3 d5 6. Nc3 c5 7. dxc5 Qa5 8. Be5 dxc4 9. Bxc4 Qxc5 10. Qd4 Qxd4 11. Nxd4 Bd7 12. O-O Nc6 13. Nxc6 Bxc6 14. f3 Rfd8 15. Rfd1 Nd7 16. Bxg7 Kxg7 17. Kf2 Nb6 18. Bb3 e6 19. e4 Kf6 20. Ke3 Ke7 21.
h4 f6 22. g4 Rd7 23. Rxd7+ Nxd7 24. Rd1 Rd8 25. g5 f5 26. f4 fxe4 27. Bc2 e5 28.
Bxe4 exf4+ 29. Kxf4 Rf8+ 30. Ke3 Ne5 31. Bxc6 bxc6 32.
Ke4 Nc4 33. b3 Nd6+ 34. Kd3 Rf3+ 35. Kc2 Rh3 36. Rd4 Nf5 37. Ra4 Rxh4 38. Rxa7+ Kd6 39. a4 Nd4+ 40. Kb2 Rh2+ 41. Ka3 Rh3 42. Kb2 Rh2+ 43. Ka3 Rh3 44. Kb2 Rh2+ 1/2-1/2

[Event "Early-Titled-Tuesday-Blitz-September-05-2023"]
[Site "Chess.com"]
[Date "2023.09.05"]
[Round "2"]
[White "NovikovaGalina"]
[Black "Keeper0416"]
[Result "0-1"]
[WhiteElo "2401"]
[BlackElo "2592"]
[TimeControl "180+1"]
[EndTime "8:17:44 PDT"]
[Termination "Keeper0416 won on time"]

1. e4 e6 2. Nf3 d5 3. e5 c5 4. b4 b6 5. bxc5 bxc5 6. c3 Bd7 7. d4 Nc6 8. Bd3 cxd4 9. cxd4 Bb4+ 10. Nbd2 Nge7 11.
O-O h6 12. Nb3 O-O 13. Bc2 Re8 14. Qd3 Ng6 15. h4 Be7 16. h5 Nf8 17. a3 Rc8 18.
Be3 Qb6 19. Rfb1 Qc7 20. Rc1 Qb6 21. Nfd2 a5 22. f4 Rc7 23. Nf3 Rec8 24. Nc5 Be8 25. Rab1 Qa7 26. f5 Nxd4 27. Nxd4 Bxc5 28. f6 g6 29. Kh1 Kh7 30. hxg6+ Nxg6 31. Rd1 Qa8 32. Rbc1 Qb8 33. Qd2 Bxa3 34. Rb1 Bb4 35. Qf2 Rc3 36. Bd2 Rxc2 37. Nxc2 Rxc2 0-1

[Event "Early-Titled-Tuesday-Blitz-September-05-2023"]
[Site "Chess.com"]
[Date "2023.09.05"]
[Round "2"]
[White "jup1978"]
[Black "effefe"]
[Result "0-1"]
[WhiteElo "2511"]
[BlackElo "2354"]
[TimeControl "180+1"]
[EndTime "8:17:44 PDT"]
[Termination "effefe won by resignation"]

1. e4 c5 2. Nf3 d6 3. Bb5+ Nd7 4. d4 cxd4 5. Qxd4 a6 6. Bxd7+ Qxd7 7. Nc3 Nf6 8. h3 g6 9. e5 dxe5 10. Qxe5 Bg7 11.
O-O O-O 12. Rd1 Qe6 13. Qc5 Nd7 14. Qa3 Ne5 15. Ng5 Qf5 16. Qxe7 Qxc2 17. Bf4 Nc6 18. Qc7 Qxb2 19. Bd6 Bf5 20. Bxf8 Rxf8 21. Nd5 Be5 22. Ne7+ Nxe7 23. Qxe7 Bf6 24. Qe3 Qb5 25. Rac1 Be6 26.
Ne4 Bg7 27. Nc5 Bxa2 28. Nd7 Ra8 29. Rc5 Qa4 30. Rdc1 Be6 31. Rc8+ Rxc8 32. Rxc8+ Bf8 33. Rxf8+ Kg7 34. Qc3+ Kh6 35. Nf6 Qd1+ 36. Kh2 Qd6+ 37. g3 Qxf8 38. Ng4+ Bxg4 39. hxg4 Qe7 40. Kg2 f6 41.
Qd2+ Kg7 42. Qb4 Qxb4 0-1

[Event "Early-Titled-Tuesday-Blitz-September-05-2023"]
[Site "Chess.com"]
[Date "2023.09.05"]
[Round "2"]
[White "vedantgoswami"]
[Black "ErikRonka"]
[Result "0-1"]
[WhiteElo "2297"]
[BlackElo "2507"]
[TimeControl "180+1"]
[EndTime "8:17:44 PDT"]
[Termination "ErikRonka won on time"]

1. d4 d5 2. Nf3 Nf6 3. Bf4 c5 4. e3 Nc6 5. Nbd2 e6 6. c3 Nh5 7.
Be5 f6 8. Bg3 cxd4 9. exd4 Bd6 10. Bd3 Nf4 11. Bxf4 Bxf4 12. O-O O-O 13. Qc2 f5 14.
Rfe1 Bd7 15. a3 Qf6 16. Nb3 Rae8 17. Nc5 Bc8 18. Bb5 g5 19. Bxc6 bxc6 20. Nd3 Bd6 21. Nfe5 Kh8 22. c4 f4 23. c5 Bc7 24. f3 h5 25. Qa4 Rg8 26. Qxc6 Bb8 27. Kh1 g4 28. Rad1 Qf5 29. Re2 Re7 30. Rde1 Reg7 31. Qa4 gxf3 32. gxf3 Qg5 33. Qd1 Qh4 34. Rf2 Ba6 35. Ref1 Bc7 36.
Qe2 Rg3 37. b4 Bb5 38. Qd2 R3g5 0-1

[Event "Early-Titled-Tuesday-Blitz-September-05-2023"]
[Site "Chess.com"]
[Date "2023.09.05"]
[Round "2"]
[White "vidavi"]
[Black "nassimzrikem"]
[Result "0-1"]
[WhiteElo "2461"]
[BlackElo "2242"]
[TimeControl "180+1"]
[EndTime "8:17:46 PDT"]
[Termination "nassimzrikem won on time"]

1. Nf3 Nf6 2. d4 e6 3. c4 d5 4. Bg5 Be7 5. Nc3 c6 6. e3 Nbd7 7. Bd3 h6 8. Bh4 dxc4 9. Bxc4 b5 10. Bd3 Bb7 11. O-O a6 12. a4 b4 13. Ne2 c5 14.
Ne5 Nxe5 15. dxe5 Qd5 16. Nf4 Qxe5 17. Bg3 Qxb2 18. Rb1 Qa2 19. Ra1 Qb2 20. Rb1 Qe5 21.
Ng6 Qd5 22. Nf4 Qc6 23. Qc2 O-O 24. e4 e5 25. Nd5 Nxd5 26. exd5 Qxd5 27. f3 Rac8 28.
Rfd1 Qe6 29. Bf5 Qb6 30. Bxc8 Rxc8 31. Bxe5 c4+ 32. Bd4 Bc5 33. Qf2 Bxd4 34. Qxd4 Qxd4+ 35. Rxd4 a5 36. Kf2 c3 37. Ke1 Ba6 38. Rc1 b3 39. Rd6 b2 40. Kd1 bxc1=Q+ 41. Kxc1 Bc4 42. Kc2 Be6 43. f4 Bf5+ 44. Kc1 c2 45. Rd5 g6 0-1

[Event "Early-Titled-Tuesday-Blitz-September-05-2023"]
[Site "Chess.com"]
[Date "2023.09.05"]
[Round "2"]
[White "Cheer_Down"]
[Black "Beltraxtor"]
[Result "1-0"]
[WhiteElo "2439"]
[BlackElo "2740"]
[TimeControl "180+1"]
[EndTime "8:17:47 PDT"]
[Termination "Cheer_Down won by resignation"]

1. e4 e5 2. Nf3 Nf6 3. Nxe5 d6 4. Nf3 Nxe4 5. Nc3 Nxc3 6. dxc3 Be7 7. Be3 O-O 8. Qd2 Nd7 9. O-O-O c6 10. Kb1 Nf6 11.
Bd3 d5 12. h3 Re8 13. g4 Bf8 14. Bg5 Bd7 15. Rhe1 Qc7 16. Bxf6 gxf6 17. Nd4 c5 18. Nf5 c4 19. Bf1 Bxf5 20. gxf5 b5 21. Bg2 Qh2 22. Bxd5 Rxe1 23. Qxe1 Rb8 24. Qg1+ Qxg1 25. Rxg1+ Bg7 26. a3 Kf8 27. b4 Bh6 28. a4 Bd2 29. Rg3 a6 30.
axb5 axb5 31. Kb2 h5 32. Bc6 Bf4 33. Rg1 Rb6 34. Bf3 Rd6 35. Rd1 Rb6 36. Bxh5 Be5 37. Bf3 Ra6 38. Rd7 Ra4 39. Bd5 Rxb4+ 40. Kc1 Bxc3 41.
Rxf7+ Ke8 42. Rb7 Be5 43. Bc6+ Kd8 44. Rxb5 Ra4 45. Rd5+ Kc7 46. Bxa4 1-0

[Event "Early-Titled-Tuesday-Blitz-September-05-2023"]
[Site "Chess.com"]
[Date "2023.09.05"]
[Round "2"]
[White "Murad_Ibrahimli"]
[Black "DawidCzerw"]
[Result "1-0"]
[WhiteElo "2856"]
[BlackElo "2512"]
[TimeControl "180+1"]
[EndTime "8:17:47 PDT"]
[Termination "Murad_Ibrahimli won by resignation"]

1. d4 d5 2. c4 c6 3. Nc3 Nf6 4. e3 a6 5. Qc2 b5 6. b3 Bg4 7. Nge2 Bh5 8. Nf4 Bg6 9. Nxg6 hxg6 10. Be2 e6 11. h3 Nbd7 12. c5 e5 13. Bd2 exd4 14. exd4 Be7 15. O-O-O Nf8 16. Kb1 Ne6 17. Bc1 Qc7 18. g3 b4 19. Na4 Ne4 20. Be3 f5 21. h4 Bf6 22. Bf3 a5 23. Rhe1 Kf7 24. Bxe4 fxe4 25.
Rf1 Raf8 26. Qe2 Kg8 27. Qg4 Qf7 28. f3 exf3 29. Rxf3 Rh5 30. Rdf1 Re8 31. Nb2 Nf8 32. Nd3 Qe7 33. Nf2 Rf5 34. Nd1 Rxf3 35. Rxf3 a4 36. bxa4 Qa7 37. Nb2 Qa6 38. Bc1 Re4 39. Rf4 Re1 40.
h5 gxh5 41. Qxh5 Ne6 42. Qe8+ Nf8 43. Qxe1 1-0

[Event "Early-Titled-Tuesday-Blitz-September-05-2023"]
[Site "Chess.com"]
[Date "2023.09.05"]
[Round "2"]
[White "knightinshiningarmour16"]
[Black "Manukyan_Artak"]
[Result "0-1"]
[WhiteElo "2114"]
[BlackElo "2452"]
[TimeControl "180+1"]
[EndTime "8:17:47 PDT"]
[Termination "Manukyan_Artak won by checkmate"]

1. d4 Nf6 2. c4 e6 3. Nc3 Bb4 4. Qc2 c5 5. dxc5 Qa5 6. Bd2 Qxc5 7. e3 O-O 8. Bd3 d5 9. cxd5 exd5 10. a3 Bxc3 11. Bxc3 Nbd7 12. Ne2 Re8 13. O-O Ne4 14. Bd4 Qd6 15. Nc3 Ndf6 16. Rad1 Ng4 17. g3 Qh6 18. h4 Ngf6 19. Nxd5 Nxd5 20. Bxe4 Nf6 21. Bg2 Bg4 22.
Rd2 Rac8 23. Qd1 Bxd1 24. Rfxd1 Ng4 25. Bxb7 Rcd8 26. Bg2 f6 27. Bc6 Rf8 28. Bb5 Ne5 29. Bxe5 Rxd2 30. Rxd2 fxe5 31. Bc4+ Kh8 32. Rd5 Qf6 33. Rd2 Rd8 34. Rxd8+ Qxd8 35. Be2 Qd2 36. Bf3 Qxb2 37. a4 Qa3 38. Bc6 Qc1+ 39. Kh2 Qxc6 40. f4 Qxa4 41. fxe5 Qe4 42. e6 Qxe6 43. g4 Qxe3 44. g5 a5 45. h5 a4 46. g6 hxg6 47.
hxg6 a3 48. Kg2 a2 49. Kh2 a1=Q 50. Kg2 Qa2+ 51. Kh1 Qc1# 0-1

[Event "Early-Titled-Tuesday-Blitz-September-05-2023"]
[Site "Chess.com"]
[Date "2023.09.05"]
[Round "2"]
[White "CSB7"]
[Black "LUISMIGUELOV"]
[Result "1-0"]
[WhiteElo "2701"]
[BlackElo "2078"]
[TimeControl "180+1"]
[EndTime "8:17:48 PDT"]
[Termination "CSB7 won on time"]

1. d4 d5 2. Nf3 c6 3. c4 Bf5 4.
cxd5 cxd5 5. Qb3 Bc8 6. Nc3 e6 7. Bg5 Be7 8. Bxe7 Nxe7 9. e3 Nbc6 10. Bd3 O-O 11. O-O f5 12. Rac1 Rb8 13. Qa3 Bd7 14. Ne2 Be8 15. Nf4 Qd7 16. Bb5 h6 17. Ne5 Qc8 18.
Bxc6 Nxc6 19. Nxc6 Bxc6 20. Ng6 Re8 21. Ne7+ Rxe7 22.
Qxe7 Qe8 23. Qxe8+ Rxe8 24. Rc5 Kf7 25. Rfc1 Ke7 26.
f3 Kd6 27. Kf2 g5 28. h4 g4 29. R5c3 h5 30. Kg3 Rf8 31. Kf4 Rg8 32. R3c2 Rg7 33. b3 a6 34. a4 Rg8 35. Rb2 a5 36.
Rc5 Ra8 37. Kg5 b6 38. Rc1 Be8 39. Rbc2 Ra7 40. Rc8 Rg7+ 41. Kf4 Bd7 42. Rb8 1-0

[Event "Early-Titled-Tuesday-Blitz-September-05-2023"]
[Site "Chess.com"]
[Date "2023.09.05"]
[Round "2"]
[White "Agoking701"]
[Black "BatboldNyamsuren0919"]
[Result "1/2-1/2"]
[WhiteElo "2562"]
[BlackElo "2409"]
[TimeControl "180+1"]
[EndTime "8:17:48 PDT"]
[Termination "Game drawn by repetition"]

1. e4 c5 2. Nc3 Nc6 3. Bb5 g6 4. Bxc6 bxc6 5. f4 Bg7 6. Nf3 d6 7. O-O Nf6 8. d3 O-O 9. Qe1 Bg4 10. Qh4 Bxf3 11. Rxf3 c4 12. dxc4 h6 13. f5 Qb6+ 14.
Kh1 g5 15. Qf2 Qxf2 16. Rxf2 Ng4 17. Re2 Bxc3 18. bxc3 c5 19. h4 f6 20. Rb1 Rab8 21. Rb3 Ne5 22. Be3 Nxc4 23. Re1 a5 24. a4 Kf7 25.
Kg1 Nxe3 26. Rxe3 c4 27. Rxb8 Rxb8 28. Kf2 Rb2 29. Re2 Ra2 30. Ke3 Rxa4 31. Kd4 gxh4 32. Re1 Ra2 33. Rh1 Rxc2 34. Rxh4 Rxg2 35. Rxh6 Rg4 36. Rh8 e6 37. fxe6+ Kxe6 38. Re8+ Kd7 39. Ra8 f5 40. Kd5 fxe4 41. Ra7+ Ke8 42. Kxd6 e3 43.
Re7+ Kf8 44. Rxe3 a4 45. Kc5 a3 46. Re1 a2 47. Ra1 Rg2 48. Kxc4 Ke7 49. Kb3 Kd6 50.
Rxa2 Rxa2 51. Kxa2 Kc5 52. Kb3 Kb5 53. c4+ Kc5 54. Kc3 Kc6 55. Kd3 Kc5 56. Kc3 Kc6 57.
Kb4 Kb6 58. Kb3 Kc5 59. Kc3 1/2-1/2

[Event "Early-Titled-Tuesday-Blitz-September-05-2023"]
[Site "Chess.com"]
[Date "2023.09.05"]
[Round "2"]
[White "dosto07"]
[Black "javierfreilemartin"]
[Result "1-0"]
[WhiteElo "2511"]
[BlackElo "2301"]
[TimeControl "180+1"]
[EndTime "8:17:48 PDT"]
[Termination "dosto07 won by resignation"]

1. e4 c5 2. Nf3 d6 3. Bb5+ Nd7 4. d4 cxd4 5. Qxd4 Nf6 6. Bg5 e6 7.
Nc3 Be7 8. O-O-O O-O 9. Bxd7 Bxd7 10. e5 dxe5 11. Nxe5 Be8 12. Qh4 Qa5 13. Ng4 Qf5 14.
Bxf6 Bxf6 15. Nxf6+ Qxf6 16. Qxf6 gxf6 17. Ne4 Kg7 18. Rd3 f5 19. Rg3+ Kh6 20. Nd6 Bc6 21.
Rd1 f4 22. Rh3+ Kg7 23. g3 f3 24. Rh4 f5 25. Rb4 Rab8 26. b3 Kf6 27. Rh4 Kg6 28.
Nc4 Kf6 29. Re1 Rf7 30. Ne5 Rg7 31. Nxc6 bxc6 32. Rh6+ Rg6 33. Rxh7 a5 34. Rc7 Rb6 35. Rd7 Rh6 36. h4 Kg6 37. Rxe6+ Kh5 38. Rxh6+ Kxh6 39.
Rd3 f4 40. Rxf3 fxg3 41. fxg3 Kh5 42. Kd2 a4 43. Rc3 axb3 44. axb3 Kg4 45. Ke2 c5 46.
Kf2 Rf6+ 47. Kg2 Rf5 48. Rc4+ Kh5 49. g4+ Kxh4 50. gxf5+ Kg5 51. Rxc5 Kf4 52. b4 1-0

[Event "Early-Titled-Tuesday-Blitz-September-05-2023"]
[Site "Chess.com"]
[Date "2023.09.05"]
[Round "2"]
[White "Vaathi_Coming"]
[Black "Mikhail_Golubev"]
[Result "1-0"]
[WhiteElo "2872"]
[BlackElo "2592"]
[TimeControl "180+1"]
[EndTime "8:17:50 PDT"]
[Termination "Vaathi_Coming won on time"]

1. b3 d6 2. Bb2 Nd7 3. d4 Ngf6 4.
Nf3 g6 5. g3 Bg7 6. Bg2 O-O 7.
O-O a5 8. c4 a4 9. Na3 Re8 10. Qc2 e5 11. dxe5 dxe5 12. Rad1 e4 13. Ng5 e3 14. f4 c6 15. c5 axb3 16. axb3 Qe7 17. b4 h6 18. Nf3 Ng4 19. Bxg7 Kxg7 20.
Nc4 Ndf6 21. Nd6 Rd8 22. Qb2 Nf2 23. Rd4 Nh3+ 24. Bxh3 Bxh3 25. Rfd1 Kh7 26. Ne5 Be6 27. Qb1 Nd5 28. Qd3 h5 29. Nf3 Kg7 30. f5 gxf5 31.
Nxf5+ Bxf5 32. Qxf5 Qf6 33. Qxh5 Rh8 34. Qg4+ Kf8 35. Rf1 Qg7 36. Qd7 Nf6 37. Qxb7 Re8 38. Qxc6 Qh6 39. Rh4 1-0

[Event "Early-Titled-Tuesday-Blitz-September-05-2023"]
[Site "Chess.com"]
[Date "2023.09.05"]
[Round "2"]
[White "splendidkid"]
[Black "merinasian"]
[Result "0-1"]
[WhiteElo "2749"]
[BlackElo "2445"]
[TimeControl "180+1"]
[EndTime "8:17:50 PDT"]
[Termination "merinasian won on time"]

1. d4 d6 2. c4 Nd7 3. Nc3 g6 4. Nf3 Bg7 5. h3 e5 6. Bg5 f6 7. Bh4 Ne7 8. Bg3 O-O 9. e3 f5 10. Be2 h6 11. O-O e4 12. Nd2 g5 13. Bh2 Ng6 14. b4 Nf6 15. b5 Qe7 16. Qc2 Be6 17. a4 Rae8 18. a5 Bc8 19. Rfe1 f4 20. exf4 gxf4 21. Bf3 Bf5 22. Ndxe4 Nxe4 23. Bxe4 Bxe4 24.
Rxe4 Qg5 25. Kh1 Nh4 26. Rg1 Qg6 27. Qd3 c6 28. a6 d5 29. cxd5 cxd5 30. Nxd5 Qxe4 31.
Qb3 Kh8 32. axb7 Bxd4 33. Nc7 Re7 34. Qb4 Rg8 35. f3 Nxf3 36. Nd5 Reg7 37. Nf6 Qxb7 38. Nxg8 Nxg1 0-1

[Event "Early-Titled-Tuesday-Blitz-September-05-2023"]
[Site "Chess.com"]
[Date "2023.09.05"]
[Round "2"]
[White "viktorskliarov"]
[Black "Jahonas"]
[Result "1/2-1/2"]
[WhiteElo "2666"]
[BlackElo "2423"]
[TimeControl "180+1"]
[EndTime "8:17:50 PDT"]
[Termination "Game drawn by repetition"]

1. e4 c6 2. d4 d5 3. e5 Bf5 4.
Nf3 e6 5. Be2 Nd7 6. O-O Ne7 7.
a4 a5 8. Na3 Bg6 9. Bd2 Nf5 10.
c4 Qb6 11. c5 Qc7 12. g4 Ne7 13. Re1 h5 14. h3 hxg4 15. hxg4 Ng8 16. Nc2 Be7 17. Ne3 b6 18. cxb6 Qxb6 19. Bc3 Be4 20. Kg2 Bg5 21. Rh1 Rh6 22. Kg3 Bxe3 23. fxe3 Nf8 24.
Rxh6 Nxh6 25. Ng5 Bg6 26. Qd2 f6 27. exf6 gxf6 28. Nh3 Nf7 29. Nf4 Qc7 30. Kf2 Be4 31. b4 Ng5 32. bxa5 Qh7 33. Rg1 Qh2+ 34. Kf1 Rb8 35.
Bb4 Nh3 36. Nxh3 Qxh3+ 37. Ke1 Rxb4 38. Qxb4 Qxe3 39. Qb8+ Ke7 40. Qg3 Qxd4 41. a6 Qa1+ 42. Kf2 Qxa4 43. Qc7+ Nd7 44. a7 Qd4+ 45. Kf1 Qa1+ 46.
Kf2 Qd4+ 47. Kf1 Qa1+ 48. Kf2 Qd4+ 1/2-1/2

[Event "Early-Titled-Tuesday-Blitz-September-05-2023"]
[Site "Chess.com"]
[Date "2023.09.05"]
[Round "2"]
[White "DishonorOnYourCow"]
[Black "Lennis93"]
[Result "0-1"]
[WhiteElo "2548"]
[BlackElo "2805"]
[TimeControl "180+1"]
[EndTime "8:17:51 PDT"]
[Termination "Lennis93 won on time"]

1. d4 Nf6 2. c4 e6 3. Nf3 b6 4.
g3 Ba6 5. Qa4 Bb7 6. Bg2 c5 7.
dxc5 Bxc5 8. O-O O-O 9. Nc3 Qe7 10. Bf4 Nc6 11. Rad1 h6 12. Qc2 Rac8 13. Na4 d5 14.
cxd5 Nxd5 15. Nxc5 Ncb4 16. Qd2 Rxc5 17. Be5 Rc2 18. Qd4 f6 19. e4 fxe5 20. Nxe5 Nf6 21. Ng6 Qc5 22. Nxf8 Qxf8 23. Qe5 Qe7 24. Qb8+ Kf7 25. e5 Nfd5 26. Qxa7 Rc8 27. Qa4 Ra8 28. Qb3 Bc6 29. a3 Na6 30. Rc1 Bb7 31. Qf3+ Kg8 32. Qg4 Nc5 33. b4 Nd3 34. Rcd1 Nxe5 35. Qd4 Qf6 36. f4 Ng4 37. Qxf6 Ngxf6 38. Rfe1 Kf7 39. Bh3 Rxa3 40. Bxe6+ Kg6 41. f5+ Kg5 42. Rd4 h5 43. h4+ Kh6 44. Red1 Rxg3+ 0-1

[Event "Early-Titled-Tuesday-Blitz-September-05-2023"]
[Site "Chess.com"]
[Date "2023.09.05"]
[Round "2"]
[White "benny_aizenberg"]
[Black "DenLaz"]
[Result "0-1"]
[WhiteElo "2670"]
[BlackElo "3070"]
[TimeControl "180+1"]
[EndTime "8:17:52 PDT"]
[Termination "DenLaz won on time"]

1. c4 Nf6 2. Nc3 e5 3. Nf3 Nc6 4. d3 d5 5. cxd5 Nxd5 6. g3 Be7 7. Bg2 Be6 8. O-O O-O 9. Bd2 Qd7 10. Nxd5 Bxd5 11.
Bc3 f6 12. Qc2 Rfd8 13. Rfd1 Bf8 14. e4 Be6 15. d4 exd4 16. Nxd4 Nxd4 17. Bxd4 Qf7 18. e5 Bxa2 19. Bxb7 Bb3 20. Qe4 f5 21. Qe3 Rab8 22. Bf3 Bxd1 23. Rxd1 c5 24. Bxc5 Rxd1+ 25. Bxd1 Qd5 26. Bd4 Rb4 27. e6 Qxd4 28. Qe1 Qe4 29. Qd2 Rd4 30. Qc1 Qxe6 31. Qc2 Qd6 32. Be2 g6 33. Bc4+ Kg7 34. Qc3 Be7 35. h4 Bf6 36. Qb3 Qc6 37. Be2 Rd7 38. Bf3 Qb6 39. Qc4 Bd4 40.
Kg2 Bxf2 41. b4 Bd4 42. b5 Bf6 0-1

[Event "Early-Titled-Tuesday-Blitz-September-05-2023"]
[Site "Chess.com"]
[Date "2023.09.05"]
[Round "2"]
[White "chito89"]
[Black "ejam94"]
[Result "1-0"]
[WhiteElo "2805"]
[BlackElo "2548"]
[TimeControl "180+1"]
[EndTime "8:17:52 PDT"]
[Termination "chito89 won by resignation"]

1. d4 Nf6 2. c4 g6 3. Nc3 Bg7 4. Nf3 O-O 5. g3 d6 6. Bg2 Nbd7 7. O-O e5 8. e4 Re8 9. Re1 exd4 10. Nxd4 Nc5 11.
h3 Ne6 12. Be3 Nxd4 13. Bxd4 Nd7 14. f4 Bxd4+ 15. Qxd4 Qf6 16. Qxf6 Nxf6 17. e5 dxe5 18. fxe5 Nd7 19. Nd5 Rxe5 20. Rxe5 Nxe5 21. Re1 Nxc4 22.
Re8+ Kg7 23. b3 Nd6 24. Rd8 Rb8 25. Nxc7 Nf5 26. g4 Ne7 27. Ne8+ Kh6 28. h4 Nc6 29. Bxc6 bxc6 30. Nd6 Rb4 31. g5+ Kh5 32. Rxc8 Kxh4 33. Nxf7 Rg4+ 34. Kh2 Rf4 35. Rc7 Rf2+ 36. Kg1 Rxa2 37.
Rxc6 a5 38. Rc4+ Kg3 39. Rc3+ Kg4 40. Kf1 Kf5 41. Rc5+ Kf4 42. Nd6 a4 43. Rc4+ Kxg5 44. Rxa4 Rb2 45. Rb4 h5 46. Nc4 Rc2 47. Ne3 Rb2 48.
Ng2 Kf5 49. Nh4+ Kg5 50. Kg1 Kf6 51. Rb6+ Kg5 52. Nxg6 h4 53. Ne5 Kf4 54. Nd3+ Kg3 55. Nxb2 1-0

[Event "Early-Titled-Tuesday-Blitz-September-05-2023"]
[Site "Chess.com"]
[Date "2023.09.05"]
[Round "2"]
[White "Just_Lucky_1"]
[Black "TanitoluwaAps116"]
[Result "0-1"]
[WhiteElo "2509"]
[BlackElo "2796"]
[TimeControl "180+1"]
[EndTime "8:17:53 PDT"]
[Termination "TanitoluwaAps116 won by resignation"]

1. e4 c5 2. Nf3 e6 3. d4 cxd4 4. Nxd4 Nc6 5. Nc3 Nf6 6. Ndb5 d6 7. Bf4 e5 8. Bg5 a6 9. Na3 b5 10. Nd5 Be7 11. Bxf6 Bxf6 12. c4 b4 13. Nc2 a5 14. g3 O-O 15. Bg2 Be6 16. O-O Bg5 17.
h4 Bh6 18. b3 Qb8 19. Nde3 g6 20. f4 exf4 21. gxf4 Bg7 22. f5 Bd7 23. Nd5 Qd8 24.
f6 Bh6 25. Nd4 Re8 26. Nb5 Ne5 27. Nxd6 Bg4 28. Qd4 Re6 29. c5 Nc6 30. Qd3 Bf8 31. Qg3 h5 32. e5 Nxe5 33. Ne7+ Kh7 34. Bxa8 Qxa8 35. Rae1 Nf3+ 36. Rxf3 Rxe1+ 37. Qxe1 Qxf3 38. Nxf7 Qxf6 39. Ng5+ Kg7 40. Nd5 Bxc5+ 41. Kg2 Qb2+ 42. Kg3 Bd6+ 43. Nf4 Qc3+ 44. Qxc3+ bxc3 45. Kf2 Bxf4 46. Ne6+ Bxe6 0-1

[Event "Early-Titled-Tuesday-Blitz-September-05-2023"]
[Site "Chess.com"]
[Date "2023.09.05"]
[Round "2"]
[White "Sibelephant"]
[Black "jk13"]
[Result "1-0"]
[WhiteElo "3133"]
[BlackElo "2684"]
[TimeControl "180+1"]
[EndTime "8:17:54 PDT"]
[Termination "Sibelephant won on time"]

1. Nf3 d5 2. g3 e6 3. Bg2 Nf6 4.
O-O b5 5. d3 Be7 6. c4 b4 7. a3 c5 8. axb4 cxb4 9. Bf4 Nbd7 10. Nd4 Qb6 11. Nb5 O-O 12. Nd2 Bb7 13. Bc7 Qc6 14. Nb3 Nc5 15. Na5 Qd7 16. d4 a6 17. dxc5 axb5 18. Nxb7 Qxc7 19. Rxa8 Rxa8 20. cxd5 exd5 21. Bxd5 Nxd5 22. Qxd5 Rb8 23. Nd6 Bf6 24. b3 h6 25. e4 Bc3 26. e5 Qe7 27. c6 Bxe5 28. c7 Bxd6 29. cxb8=Q+ Bxb8 30. Qxb5 Bd6 31. Qd5 Qc7 32. Ra1 Bf8 33. Ra8 Qe7 34. Rb8 g6 35.
Rb6 Kg7 36. Qd4+ Kg8 37. Rb8 h5 38. h4 Kh7 39. Kg2 Kg8 40. Qc4 Kh7 41. Qd5 Kg8 42. Rb7 Qf6 43. Rd7 Qb6 44. Qxf7+ 1-0

[Event "Early-Titled-Tuesday-Blitz-September-05-2023"]
[Site "Chess.com"]
[Date "2023.09.05"]
[Round "2"]
[White "1stSecond"]
[Black "Ginger_GM"]
[Result "1-0"]
[WhiteElo "2924"]
[BlackElo "2611"]
[TimeControl "180+1"]
[EndTime "8:17:54 PDT"]
[Termination "1stSecond won by checkmate"]

1. c4 f5 2. Nc3 Nf6 3. Nf3 d6 4. g3 e5 5. Bg2 Be7 6. h4 O-O 7. d4 Nc6 8. a3 a5 9. Rb1 Qe8 10. b4 axb4 11. axb4 e4 12. Ng5 Nd8 13. Nb5 Qd7 14. d5 h6 15. Nh3 c6 16. Nd4 cxd5 17. cxd5 Qe8 18. Nf4 Qf7 19. Qb3 Ng4 20. Nde6 Bxe6 21.
dxe6 Qe8 22. Bb2 Nc6 23. O-O Kh7 24. f3 exf3 25. exf3 Nge5 26. Nd5 Bd8 27. f4 Ng4 28. Rfe1 Ne7 29. Bd4 Qg6 30. b5 Re8 31. Nxe7 Bxe7 32. Bxb7 Rab8 33. Bg2 Nf6 34. b6 Nh5 35. Kh2 Bf6 36.
Rbd1 Bxd4 37. Rxd4 d5 38. Rb4 d4 39. b7 Nf6 40.
Bf3 Ng4+ 41. Bxg4 Qxg4 42. Qd3 Re7 43. Re5 Rbxb7 44. Rxb7 Rxb7 45. Qxf5+ Qxf5 46. Rxf5 Re7 47. Re5 Kg6 48. g4 d3 49. f5+ Kf6 50. Rd5 h5 51.
g5# 1-0

[Event "Early-Titled-Tuesday-Blitz-September-05-2023"]
[Site "Chess.com"]
[Date "2023.09.05"]
[Round "2"]
[White "IM_Tissir"]
[Black "Dewarfd"]
[Result "1-0"]
[WhiteElo "2458"]
[BlackElo "2145"]
[TimeControl "180+1"]
[EndTime "8:17:55 PDT"]
[Termination "IM_Tissir won on time"]

1. e4 e5 2. Nf3 Nc6 3. Bc4 Nf6 4. d3 Ne7 5. Nxe5 d5 6. exd5 Nexd5 7. O-O Bd6 8. d4 O-O 9. Nc3 Nxc3 10. bxc3 Bg4 11. Qd3 c6 12. a4 Qc7 13. f4 c5 14.
h3 Bd7 15. Nxd7 Qxd7 16. f5 Rad8 17. Bg5 Be7 18. Rad1 Qc7 19. Rfe1 Rfe8 20. Bb5 Rf8 21. Qf3 a6 22. Bf1 h6 23. Bf4 Bd6 24. Be3 b6 25. Bxa6 cxd4 26. Bxd4 Bc5 27. Qf2 Rd5 28. Bxc5 Rxc5 29.
c4 Rd8 30. Rxd8+ Qxd8 31. Bb5 Qd6 32. Qe3 Kh7 33. Qd3 Qc7 34. Re3 Qf4 35. Rf3 Qc1+ 36. Kh2 Qb2 37. Qe2 Qd4 38. Qe7 Re5 39. Qxf7 1-0